 Dungeon Crawl Stone Soup version 0.18.1-1-g2f07953 (webtiles) character file.

98 Eucla the Chopper (level 4, -7/41 HPs)
             Began as a Hill Orc Abyssal Knight on May 8, 2016.
             Was a Believer of Lugonu.
             Killed by divine providence
             ... invoked by an orc priest
              (13 damage)
             ... on level 3 of the Dungeon.
             The game lasted 00:01:54 (2215 turns).

Eucla the Chopper (Hill Orc Abyssal Knight)         Turns: 2215, Time: 00:01:54

Health: -7/41      AC:  9    Str: 14    XL:     4   Next: 69%
Magic:  6/6        EV:  6    Int: 12    God:    Lugonu [**....]
Gold:   202        SH:  0    Dex: 11    Spells: 0 memorised, 3 levels left

rFire  . . .     SeeInvis .     a - +1 hand axe
rCold  . . .     Gourm    .     k - +0 chain mail
rNeg   . . .     Faith    .     (no shield)
rPois  .         Spirit   .     (no helmet)
rElec  .         Dismiss  .     (no cloak)
rCorr  .         Reflect  .     (no gloves)
SustAt .         Harm     .     d - +0 pair of boots (curse)
MR     .....                    (no amulet)
Stlth  ..........               (no ring)
                                (no ring)

@: not resistant to hostile enchantments, extremely unstealthy
A: no striking features
a: Depart the Abyss, Bend Space, Renounce Religion, Convert to Beogh


You were on level 3 of the Dungeon.
You worshipped Lugonu.
Lugonu was pleased with you.
You were hungry.

You visited 1 branch of the dungeon, and saw 3 of its levels.
You visited the Abyss 1 time.

You collected 202 gold pieces.

Inventory:

Hand Weapons
 a - a +1 hand axe (weapon)
Armour
 b - a +0 leather armour
 d - a cursed +0 pair of boots (worn)
 k - a +0 chain mail (worn)
Jewellery
 i - an uncursed amulet of rage {unknown}
 j - an uncursed ring of wizardry {unknown}
Scrolls
 f - 3 scrolls of teleportation {unknown}
 h - 3 scrolls of identify {unknown}
 m - a scroll of recharging {unknown}
 o - 6 scrolls of remove curse {unknown}
 p - a scroll of enchant weapon {unknown}
 q - a scroll of blinking {unknown}
Potions
 e - 2 potions of ambrosia {unknown}
 g - a potion of heal wounds {unknown}
 l - a potion of haste {unknown}
 n - 3 potions of curing {unknown}
Comestibles
 c - a bread ration
 r - a beef jerky
 s - a meat ration


   Skills:
 + Level 4.3 Fighting
 * Level 5.1 Axes
 - Level 2.1 Armour
 - Level 0.7 Dodging
 + Level 3.4 Invocations


You had 3 spell levels left.
You didn't know any spells.

Dungeon Overview and Level Annotations

Branches:
Dungeon (3/15)

Altars:
Qazlal


Message History

Lugonu accepts your kill.
Your chain mail prevents you from hitting the orc.
The orc priest shouts, "Beogh is our master!
Accept the truth or die!"
You hit the orc but do no damage. The orc closely misses you.
The orc hits you from afar with a trident.
The orc hits you but does no damage. The orc closely misses you.
You barely miss the orc.
Your chain mail prevents you from hitting the orc.
The orc hits you from afar with a trident.
The orc hits you with a short sword.
Unknown command.
You hit the orc but do no damage. x2
The orc priest calls down the wrath of Beogh upon you.
Pain shoots through your body!
* * * LOW HITPOINT WARNING * * *
The orc hits you but does no damage. The orc barely misses you.
The orc hits you but does no damage.
The orc priest invokes the aid of Beogh against you.
Beogh smites you!
You die...

#.# #.........÷.....# #.#
#....÷....#.##### #.#
#.........#.# #.# #......>#.#.#
#########
#.#####.###...#.#.#####.....<.#
#.#.....###...#.......#.#####.#
#.#.##........#.#####.#.#...#.#
#.......#######o..#...#.#.#.#.#
###.##........@)o.#####.#...#.#
.....#.###....oo...........#.#
...#.....#
#.###########.#...#.. ..
#...### #.#.....# #.....### .
#.).# #.##.##.########....#
+..## #....##........#.##.#
#### ###...###########.##.#
#...............#.##.#
#.#.....#######.#.##.#


You could see an orc priest and 3 orcs.

Vanquished Creatures
  3 adders
  A worm (D:3)
  2 dart slugs
  3 giant geckos
  An orc (D:3)
  10 bats
  A giant cockroach (D:3)
  5 goblins
  12 hobgoblins
  A quokka (D:3)
  2 ball pythons
  3 giant newts
  6 kobolds
  5 rats
55 creatures vanquished.

Notes
Turn   | Place    | Note
--------------------------------------------------------------
     0 | Abyss:1  | Eucla the Hill Orc Abyssal Knight began the quest for the Orb.
     0 | Abyss:1  | Reached XP level 1. HP: 19/19 MP: 2/2
    51 | Abyss:1  | Noticed a small abomination
    51 | Abyss:1  | Noticed a blizzard demon
    55 | D:1      | Escaped the Abyss
    88 | D:1      | Reached * piety under Lugonu
   128 | D:1      | Reached skill level 3 in Axes
   259 | D:1      | Reached XP level 2. HP: 27/27 MP: 3/3
   426 | D:1      | Reached skill level 4 in Axes
   426 | D:1      | Reached XP level 3. HP: 28/33 MP: 4/4
  1021 | D:2      | Found a stormy altar of Qazlal.
  1128 | D:2      | Reached ** piety under Lugonu
  1159 | D:2      | Reached XP level 4. HP: 30/40 MP: 6/6
  1710 | D:3      | Reached skill level 5 in Axes
  2215 | D:3      | Killed from afar by an orc priest

Skill      XL: |  1  2  3  4 |
---------------+-------------+-----
Axes           | 3 4 5 |  5.1
Fighting       | 4 |  4.3
Invocations    | 3 |  3.4
Armour         | |  2.1
Dodging        | |  0.7

Action                   |  1- 3 |  4- 6 || total
-------------------------+-------+-------++-------
Melee: Hand axe          |   108 |    98 ||   206
Invok: Depart the Abyss  |     1 |       ||     1
  Eat: Chunk             |     1 |     3 ||     4
Armor: Leather armour    |    35 |       ||    35
       Chain mail        |    15 |    65 ||    80
Dodge: Dodged            |    62 |    36 ||    98
